AoeStats
← beaubrent

Arena

506627101Analyzed
1v1 RM · 17d ago on Sep 14, 2026· 83m 5s· 2 players
Game mode
Random Map
Map size
Tiny (2 player)
Population
200
Speed
Normal
Resources
Standard
Victory
Conquest
Starting age
Dark Age
Ending age
Imperial Age
RankedLock teamsTeams togetherTeam positionsShared explorationLock speedFull tech treeHidden civsTurbo modeCheats
Victory
Defeat
🇮🇳 Dravidians · India
324
+16
🇧🇪 Japanese · Belgium
316
-16
beaubrent
2:54 Loom
11:35 Feudal Age
12:05 Double-Bit Axe
12:03 Horse Collar
13:58 Gold Mining
13:59 Stone Mining
16:41 Man-at-Arms
20:52 Forging
20:43 Scale Mail Armor
23:59 Castle Age
24:13 Long Swordsman
24:56 Squires
25:04 Squires
24:50 Gambesons
27:24 Padded Archer Armor
30:18 Iron Casting
35:23 Imperial Age
41:42 Bow Saw
41:36 Heavy Plow
43:28 Kataparuto
45:08 Chemistry
44:08 Elite Samurai
49:19 Wheelbarrow
50:11 Pikeman
52:49 Ballistics
53:15 Iron Casting
53:44 Gold Shaft Mining
54:58 Blast Furnace
54:09 Two-Handed Swordsman
54:14 Halberdier
55:50 Chain Mail Armor
56:17 Hand Cart
57:37 Town Watch
58:14 Leather Archer Armor
58:20 Devotion
61:46 Siege Engineers
63:43 Fortified Wall
63:19 Treadmill Crane
71:29 Conscription
72:39 Block Printing
75:11 Faith
75:59 Ring Archer Armor
amazingkabali
2:38 Loom
12:18 Feudal Age
13:38 Wheelbarrow
13:11 Horse Collar
13:19 Double-Bit Axe
16:19 Man-at-Arms
16:46 Arson
18:18 Town Watch
19:28 Gold Mining
19:29 Stone Mining
21:05 Fletching
21:18 Scale Mail Armor
21:29 Forging
26:43 Castle Age
27:27 Long Swordsman
27:28 Pikeman
27:32 Crossbowman
28:18 Thumb Ring
27:35 Elite Skirmisher
28:04 Gambesons
28:43 Hand Cart
29:24 Bow Saw
29:17 Heavy Plow
30:04 Bodkin Arrow
35:17 Iron Casting
35:09 Ballistics
35:00 Fortified Wall
35:33 Chain Mail Armor
35:14 Light Cavalry
38:59 Masonry
38:47 Murder Holes
38:56 Padded Archer Armor
39:01 Scale Barding Armor
38:48 Light Cavalry
39:29 Husbandry
46:42 Imperial Age
45:28 Herbal Medicine
46:43 Leather Archer Armor
46:49 Chain Barding Armor
46:50 Arbalester
47:42 Bracer
48:16 Ring Archer Armor
48:13 Sanctity
49:54 Wootz Steel
49:58 Conscription
51:12 Chemistry
51:41 Elite Urumi Swordsman
52:58 Hoardings
57:02 Blast Furnace
56:32 Plate Mail Armor
56:41 Two-Handed Swordsman
56:44 Halberdier
57:25 Squires
57:39 Champion
75:34 Two-Man Saw
77:07 Town Patrol
Connection lost

Rejoining the realm…

Still unreachable

The connection could not be restored.

Session expired

The server has moved on; the page needs a fresh start.